 Dungeon Crawl Stone Soup version 0.23-a0-473-gc8aadda88e (webtiles) character file.

2 Hebeqt the Sneak (level 1, -1/9 HPs)
             Began as a Spriggan Enchanter on Nov 28, 2018.
             Slain by a hobgoblin
             ... wielding a +0 club
              (2 damage)
             ... on level 1 of the Dungeon.
             The game lasted 00:01:16 (208 turns).

Hebeqt the Sneak (Spriggan Enchanter)                Turns: 208, Time: 00:01:17

Health: -1/9       AC:  2    Str:  4    XL:     1   Next: 25%
Magic:  5/5        EV: 18    Int: 16    God:
Gold:   22         SH:  0    Dex: 16    Spells: 4/5 levels left

rFire    . . .     SeeInvis +   a - +1 dagger
rCold    . . .     Gourm    .   (shield restricted)
rNeg     . . .     Faith    .   b - +0 robe
rPois    .         Spirit   .   (helmet restricted)
rElec    .         Reflect  .   (no cloak)
rCorr    .         Harm     .   (gloves unavailable)
MR       .....                  (boots unavailable)
Stlth    +++.......             (no amulet)
HPRegen  0.03/turn              (no ring)
MPRegen  0.09/turn              (no ring)

@: very quick
A: very small, unfitting armour, see invisible, herbivore, speed 3, slow
metabolism 2
a: no special abilities


You were on level 1 of the Dungeon.
You were not hungry.

You visited 1 branch of the dungeon, and saw 1 of its levels.

You collected 22 gold pieces.

Inventory:

Hand Weapons
 a - a +1 dagger (weapon)
Armour
 b - a +0 robe (worn)
Comestibles
 d - a ration


   Skills:
 + Level 1.1 Short Blades
 + Level 3.0 Dodging
 + Level 4.4 Stealth
 + Level 2.7 Spellcasting
 + Level 3.7 Hexes


You had 4 spell levels left.
You knew the following spells:

 Your Spells              Type           Power        Failure   Level  Hunger
a - Corona                Hex            ##.....      4%          1    #......

Your spell library contained the following spells:

 Spells                   Type           Power        Failure   Level  Hunger
 Confuse                  Hex            ##......     12%         3    ###....
 Tukima's Dance           Hex            ##......     12%         3    ###....
 Ensorcelled Hibernation  Hex/Ice        #.....       14%         2    ##.....
 Dazzling Spray           Conj/Hex       #.....       26%         3    ###....


Dungeon Overview and Level Annotations

Branches:
Dungeon (1/15)

Altars:


Innate Abilities, Weirdness & Mutations

You are very small and have problems with some larger weapons.
You are too small for most types of armour.
You have supernaturally acute eyesight. (SInv)
You are a herbivore.
You cover ground extremely quickly.
You need to consume almost no food.


Message History

You now have 22 gold pieces (gained 11).
You see here a ration.
The hobgoblin shouts!
Found a ration.
The leopard gecko hisses angrily.
You hit the hobgoblin but do no damage. The hobgoblin hits you with a +0 club!
Ouch! That really hurt!
* * * LOW HITPOINT WARNING * * *
You see here a robe.
Found a cyan potion.
A hobgoblin comes into view. It is wielding a +0 club.
The hobgoblin shouts!
Found a hunting sling.
The hobgoblin drinks a potion.
The hobgoblin seems to speed up.
The hobgoblin hits you with a +0 club.
* * * LOW HITPOINT WARNING * * *
The hobgoblin completely misses you.
The hobgoblin hits you but does no damage.
The hobgoblin hits you with a +0 club.
You die...

l.........#.......#.....#...#.#..
.......#.............#..#.......
.l.....#......#......#..#...g.#
.....###.............#..#.!...#
.....#....#.......#.....#.....#
.....#....#......<#...........#
.........[###..l###...........#
####...#.......g.....#....#......
#...#........@....#.##.#.#####
#...###...###...###....... ..%...
##### ##### ####....# ..#....
#....# ...#.... #....# .. #....#


You could see a leopard gecko and a hobgoblin.

Vanquished Creatures
  A kobold (D:1)
  A rat (D:1)
2 creatures vanquished.

Notes
Turn   | Place    | Note
-------+----------+-------------------------------------------
     0 | D:1      | Hebeqt the Spriggan Enchanter began the quest for the Orb.
     0 | D:1      | Reached XP level 1. HP: 9/9 MP: 5/5
   208 | D:1      | Slain by a hobgoblin

Vault maps used:
D:1:      minmay_arrival_open_corners, minmay_split_cup_large

Action                   || total
-------------------------++-------
Melee: Dagger            ||    10
Dodge: Dodged            ||    10

Table legend:
 A = Non-vault XP
 B = Vault XP
 C = Vault XP percentage of total XP
 D = Non-vault monster count
 E = Vault monster count
 F = Vault count percentage of total count
                 A         B        C        D         E       F
            +---------+---------+-------+---------+---------+-------
      Total |       3 |       0 |   0.0 |       2 |       0 |   0.0
            +---------+---------+-------+---------+---------+-------
        D:1 |       3 |       0 |   0.0 |       2 |       0 |   0.0
            +---------+---------+-------+---------+---------+-------
